AoeStats
← lbaquino21

Arabia

510227009Analyzed
1v1 RM · 1d ago on Sep 30, 2026· 106m 54s· 2 players
Game mode
Random Map
Map size
Tiny (2 player)
Population
200
Speed
Normal
Resources
Standard
Victory
Conquest
Starting age
Dark Age
Ending age
Imperial Age
RankedLock teamsTeams togetherTeam positionsShared explorationLock speedFull tech treeHidden civsTurbo modeCheats
Victory
Defeat
🇧🇷 Teutons · Brazil
405
+10
🇨🇱 Franks · Chile
271
-10
Katu
8:23 Loom
10:52 Feudal Age
12:10 Wheelbarrow
15:03 Town Watch
16:48 Town Watch
18:04 Forging
19:07 Scale Barding Armor
19:53 Double-Bit Axe
25:19 Castle Age
24:22 Stone Mining
24:23 Gold Mining
26:43 Hand Cart
27:25 Bow Saw
34:20 Imperial Age
34:31 Cavalier
37:12 Iron Casting
38:48 Ordonnance Companies
38:53 Elite Throwing Axeman
41:23 Gold Shaft Mining
46:24 Blast Furnace
45:24 Scale Mail Armor
46:17 Paladin
48:34 Siege Engineers
48:40 Masonry
49:12 Conscription
48:55 Chivalry
49:31 Chain Mail Armor
49:03 Cranequins
52:23 Plate Mail Armor
51:54 Heavy Mounted Crossbowman
56:46 Chain Barding Armor
56:31 Padded Archer Armor
56:25 Fletching
57:48 Architecture
59:14 Plate Barding Armor
59:47 Murder Holes
63:36 Leather Archer Armor
66:45 Town Patrol
77:00 Chemistry
98:14 Elite Skirmisher
101:25 Ballistics
lbaquino21
10:33 Feudal Age
12:42 Wheelbarrow
11:58 Loom
15:25 Scale Barding Armor
19:53 Castle Age
24:29 Hand Cart
33:13 Stone Mining
33:15 Gold Mining
33:08 Horse Collar
33:20 Double-Bit Axe
40:04 Ironclad
50:06 Imperial Age
56:21 Elite Teutonic Knight
65:06 Conscription
65:57 Ballistics
65:43 Siphons
65:30 Guard Tower
65:50 Masonry
65:31 Heated Shot
66:43 Chemistry
71:23 Hoardings
70:20 Sappers
78:49 Caravan
80:58 Bloodlines
91:23 Bombard Tower
91:39 Keep
91:13 Siege Engineers
91:20 Fortified Wall
90:56 Arrowslits
97:54 Chain Barding Armor
97:35 Scale Mail Armor
97:26 Fletching
97:37 Padded Archer Armor
97:48 Forging
103:26 Stone Shaft Mining
Connection lost

Rejoining the realm…

Still unreachable

The connection could not be restored.

Session expired

The server has moved on; the page needs a fresh start.